 Dungeon Crawl Stone Soup version 0.28.0-43-g3370ac3207 (webtiles) character file.

Game seed: 8580405051293332559

47 Aneyh the Skirmisher (level 3, 0/24 HPs)
             Began as a Tengu Fighter on Mar 3, 2022.
             Slain by Terence
             ... wielding a +0 mace
              (4 damage)
             ... on level 2 of the Dungeon.
             The game lasted 00:03:20 (1891 turns).

Aneyh the Skirmisher (Tengu Fighter)                Turns: 1891, Time: 00:03:20

Health: 0/24       AC:  6    Str: 16    XL:     3   Next: 70%
Magic:  4/4        EV:  9    Int:  8    God:
Gold:   40         SH:  0    Dex: 15    Spells: 2/2 levels left

rFire   . . .      SeeInvis .     - Unarmed
rCold   . . .      Faith    .   (no shield)
rNeg    . . .      Spirit   .   a - +0 scale mail
rPois   .          Reflect  .   (helmet restricted)
rElec   .          Harm     .   (no cloak)
rCorr   .          Rampage  .   (no gloves)
Will    .....                   (boots unavailable)
Stlth   ..........              (no amulet)
HPRegen 0.08/turn               (no ring)
MPRegen 0.09/turn               (no ring)

@: no status effects
A: beak, talons 3
a: no special abilities


You were on level 2 of the Dungeon.
You visited 1 branch of the dungeon, and saw 2 of its levels.

You collected 40 gold pieces.

Inventory:

Missiles
 k - 3 poisoned darts (quivered)
Armour
 a - a +0 scale mail (worn)
 b - a +0 buckler
 f - a +0 robe
 h - a +0 ring mail
 m - a +0 kite shield
Scrolls
 d - a scroll of identify {unknown}
 g - a scroll of vulnerability {unknown}
 j - a scroll of enchant armour {unknown}
Potions
 c - a potion of might
 e - a potion of mutation {unknown}
 i - a potion of cancellation {unknown}
 l - a potion of magic {unknown}


   Skills:
 * Level 4.1 Fighting
 - Level 3.2 Armour
 - Level 3.0 Shields
 - Level 3.0 Unarmed Combat


You had 2 spell levels left.
You didn't know any spells.
Your spell library contained the following spells:

 Spells                   Type           Power      Damage    Failure   Level
 Ensorcelled Hibernation  Hex/Ice        0%         N/A       93%         2
 Portal Projectile        Hex/Tloc       0%         N/A       99%         3
 Spider Form              Tmut/Pois      0%         N/A       99%         3
 Anguish                  Hex/Necr       0%         N/A       100%        4
 Blade Hands              Tmut           0%         N/A       100%        5
 Excruciating Wounds      Necr           0%         N/A       100%        5


Dungeon Overview and Level Annotations

Branches:
Dungeon (2/15)

Altars:
Cheibriados

Annotations:
D:2 Terence


Innate Abilities, Weirdness & Mutations

You have a beak for a mouth.
You have claws for feet.


Message History

You barely miss Terence. You claw Terence. You peck Terence, but do no damage.
Terence is moderately wounded.
Terence hits you with a +0 mace.
You barely miss Terence. You claw Terence, but do no damage.
Terence is moderately wounded.
Terence barely misses you.
You hit Terence but do no damage. Your punch misses Terence.
Terence is moderately wounded.
You hit Terence but do no damage.
Terence is moderately wounded.
Terence hits you with a +0 mace.
You barely miss Terence. You claw Terence, but do no damage.
Terence is moderately wounded.
Terence hits you with a +0 mace.
You are too injured to fight recklessly!
You are too injured to fight recklessly!
You are too injured to fight recklessly!
You are too injured to fight recklessly!
You hit Terence but do no damage.
Terence is moderately wounded.
Terence hits you with a +0 mace.
* * * LOW HITPOINT WARNING * * *
You barely miss Terence. You claw Terence.
Terence is moderately wounded.
Terence hits you with a +0 mace.
* * * LOW HITPOINT WARNING * * *
You hit Terence but do no damage. You punch Terence.
Terence is heavily wounded.
Terence hits you with a +0 mace.
* * * LOW HITPOINT WARNING * * *
You hit Terence. You claw Terence, but do no damage.
You peck Terence, but do no damage.
Terence is heavily wounded.
Terence asks, "Do you want it fast or slow?"
Terence hits you with a +0 mace.
* * * LOW HITPOINT WARNING * * *
You completely miss Terence. You punch Terence, but do no damage.
Terence is heavily wounded.
Terence hits you with a +0 mace.
You die...

#########
........#
#.# #.#
##@######
#.@.....#
#..####.#
#.......#
#..#.##.#
#..#.##.#
#.......#
##.####.#
#.####.#
#......#


You could see Terence.

Vanquished Creatures
  An adder (D:2)
  A worm (D:2)
  2 dart slugs
  2 endoplasms (D:2)
  2 goblins
  3 hobgoblins
  3 quokkas
  6 ball pythons
  2 bats (D:2)
  3 frilled lizards (D:1)
  2 kobolds
  4 rats
31 creatures vanquished.

Notes
Turn   | Place    | Note
-------+----------+-------------------------------------------
     0 | D:1      | Aneyh the Tengu Fighter began the quest for the Orb.
     0 | D:1      | Reached XP level 1. HP: 14/14 MP: 2/2
   596 | D:1      | Reached XP level 2. HP: 19/19 MP: 3/3
  1358 | D:2      | Reached XP level 3. HP: 23/24 MP: 4/4
  1423 | D:2      | Reached skill level 4 in Fighting
  1705 | D:2      | Found a snail-covered altar of Cheibriados.
  1875 | D:2      | Noticed Terence
  1891 | D:2      | Slain by Terence

Illustrated notes

Levels and vault maps discovered:
D:1:      minmay_arrival_loop, layout_basic, roderic_serpentine_path
D:2:      layout_loops_cross, basic_altar, grunt_ministairs_10,
          uniq_crazy_yiuf_cottage, uniq_terence

Skill      XL: |  1  2  3 |
---------------+----------+-----
Fighting       | 4 |  4.1
Unarmed Combat | 3 |  3.0
Armour         | |  3.2
Shields        | |  3.0

Action                   || total
-------------------------++-------
Melee: Unarmed           ||   101
       Peck              ||    16
       Kick              ||    29
       Punch             ||     2
Armor: Scale mail        ||    44
Dodge: Dodged            ||    36
